Map: 블루시프트 - 래더

Players

soul

  • Race: Terran Terran
  • Spawn Location: 7:00

soO - Winner!

  • Race: Zerg Zerg
  • League: Master
  • Spawn Location: 1:00

Event: HomeStory Cup XVIII

VOD

Have the link to the VOD?

Description

Time

  • Played on: Nov. 23, 2018, 6:54 a.m.
  • Length: 12:11

All games in this series

Show
View Real Time Build Order
Export as new Build Order

soul Terran 

Build Orders: Command Center First (CC) 

Get SALT Encoding   

  12  0:00  SCV  
  13  0:12  SCV  
  14  0:17  Supply Depot  
  14  0:24  SCV  
  15  0:38  SCV  
  16  0:50  SCV  
  17  0:59  Command Center  
  17  1:03  SCV  
  18  1:12  Barracks  
  18  1:16  SCV  
  19  1:22  Refinery  
  19  1:28  SCV  
  19  1:31  Refinery  
  20  1:41  SCV  
  21  2:00  Orbital Command  
  21  2:01  Reaper  
  22  2:11  Orbital Command  
  22  2:22  Factory  
  22  2:27  SCV  
  23  2:34  Barracks Reactor  
  23  2:36  SCV  
  24  2:39  SCV  
  25  2:49  SCV  
  26  2:52  Command Center  
  26  2:53  SCV  
  27  3:01  SCV  
  27  3:05  SCV  
  29  3:07  Starport  
  29  3:09  Supply Depot  
  30  3:17  SCV  
  31  3:22  SCV  
  31  3:27  Orbital Command  
  29  3:29  SCV  
  29  3:30  Hellion  
  29  3:32  Hellion  
  29  3:33  Barracks Tech Lab  
  33  3:41  SCV  
  34  3:52  Hellion  
  34  3:53  Hellion  
  34  3:54  SCV  
  34  3:55  Stimpack  
  39  3:58  Starport Tech Lab  
  39  3:59  SCV  
  40  4:06  SCV  
  40  4:08  Orbital Command  
  41  4:11  SCV  
  42  4:18  Banshee, SCV  
  42  4:20  Factory Reactor  
  42  4:23  Marine  
  48  4:26  Barracks  
  49  4:33  Barracks  
  49  4:36  Barracks x2  
  47  4:40  SCV  
  47  4:43  SCV  
  47  4:44  SCV  
  50  4:46  Supply Depot, Marine  
  51  4:53  SCV  
  51  4:54  Refinery  
  51  4:55  Refinery, SCV  
  51  4:56  SCV  
  54  5:05  Engineering Bay  
  54  5:06  Engineering Bay, SCV  
  55  5:07  SCV  
  55  5:08  SCV  
  57  5:14  Supply Depot, Starport Reactor  
  57  5:17  Marine  
  57  5:18  SCV  
  57  5:19  SCV  
  57  5:20  SCV  
  61  5:24  Marine  
  61  5:26  Barracks Reactor x2  
  62  5:29  Marine  
  62  5:30  Marine x2, SCV  
  62  5:31  SCV  
  62  5:35  Marine  
  68  5:36  Siege Tank  
  68  5:42  Marine  
  71  5:43  Supply Depot  
  71  5:46  Terran Infantry Weapons Level 1, Terran Infantry Armor Level 1  
  71  5:47  Marine x2  
  74  5:51  Supply Depot  
  74  5:53  Supply Depot, Marine  
  75  6:01  Medivac  
  75  6:02  Medivac  
  77  6:04  Marine x4  
  77  6:05  Marine  
  77  6:07  Marine x2  
  77  6:11  Combat Shield, Orbital Command  
  83  6:14  Siege Tank  
  83  6:15  Marine  
  83  6:16  Marine  
  88  6:22  Marine  
  88  6:23  Supply Depot  
  88  6:24  Supply Depot  
  89  6:26  Marine x4  
  89  6:28  Marine  
  89  6:29  Marine  
  95  6:33  Marine  
  95  6:35  Marine  
  95  6:37  Medivac  
  99  6:40  Marine  
  99  6:44  Marine x3, Medivac  
  99  6:46  Siege Tank  
  108  6:48  Marine  
  108  6:52  Supply Depot, Marine x3  
  112  7:00  Marine x2  
  114  7:02  Marine  
  115  7:10  Medivac  
  115  7:13  Marine x5  
  122  7:18  Siege Tank  
  122  7:20  Marine x4  
  105  7:31  Marine x5  
  105  7:32  Medivac  
  112  7:37  Marine x2  
  112  7:38  Marine x2  
  106  7:49  Marine x4  
  106  7:50  Marine, Siege Tank  
  113  7:55  Marine x2, Medivac  
  113  7:56  Marine x2  
  119  8:07  Marine x4  
  119  8:08  Marine  
  124  8:13  Marine  
  124  8:14  Supply Depot x2  
  124  8:15  Supply Depot  
  125  8:22  Marine x3  
  125  8:24  Marine x4  
  125  8:26  Marine  
  118  8:31  Marine  
  104  8:40  Marine x3  
  111  8:42  Marine x4, Unknown x2  
  111  8:44  Marine  
  111  8:45  Siege Tank  
  119  8:49  Marine  
  119  8:50  Liberator x2  
  120  8:58  Marine x3  
  120  9:00  Marine x4  
  120  9:02  Marine  
  125  9:06  Marine  
  128  9:15  Marine  
  128  9:16  Marine x2  
  131  9:17  Siege Tank  
  131  9:18  Marine x4  
  131  9:19  Marine  
  139  9:24  Marine  
  139  9:28  Supply Depot, SCV x2  
  142  9:33  Marine x2  
  142  9:34  Marine  
  142  9:35  SCV  
  142  9:36  Marine x4  
  149  9:41  Marine  
  149  9:42  SCV  
  149  9:43  Marine  
  146  9:51  Marine x2  
  142  9:53  Medivac x2  
  142  9:57  Siege Tank  
  142  9:58  Marine x2, SCV  
  125  10:16  Marine x5  
  125  10:19  Unknown  
  125  10:20  Unknown  
  130  10:23  Medivac x2  
  127  10:29  Marine x3, Siege Tank  
  127  10:30  SCV  
  129  10:39  SCV x2  
  129  10:40  Marine x5  
  136  10:43  Marine  
  136  10:46  Marine  
  138  10:53  Medivac  
  138  10:55  Medivac  
  138  10:56  Marine  
  143  11:01  Siege Tank  
  143  11:02  Marine x4  
  143  11:11  Marine x3  
  126  11:19  Marine  
  126  11:21  Marine  
  126  11:22  Marine x4  
  126  11:23  Medivac  
  126  11:25  Medivac  
  118  11:29  Marine x3  
  120  11:33  Siege Tank  
  120  11:37  Marine  
  120  11:39  Marine  
  118  11:40  Marine x2  
  118  11:43  Marine  
  118  11:49  Marine x4  
  121  11:58  SCV x2  
Show
View Real Time Build Order
Export as new Build Order

soO Zerg - Winner!

Build Orders: Pool First 

Get SALT Encoding   

  12  0:00  Drone  
  13  0:12  Overlord  
  13  0:16  Drone  
  14  0:30  Drone x2  
  14  0:34  Drone  
  17  0:44  Extractor  
  17  0:45  Drone  
  17  0:49  Spawning Pool  
  16  0:55  Drone  
  17  1:06  Drone  
  18  1:17  Hatchery  
  17  1:20  Drone  
  18  1:36  Queen, Zergling x2  
  21  1:46  Metabolic Boost  
  21  1:50  Overlord  
  21  1:55  Drone  
  22  2:10  Zergling x2  
  22  2:11  Zergling x2  
  22  2:14  Queen  
  26  2:25  Drone  
  26  2:29  Queen  
  27  2:32  Drone  
  27  2:35  Drone  
  31  2:41  Overlord  
  31  2:43  Drone  
  32  2:47  Drone x3  
  32  2:51  Drone  
  36  3:02  Drone x2  
  38  3:15  Drone x2  
  38  3:16  Hatchery  
  39  3:22  Drone  
  39  3:24  Queen  
  43  3:27  Zergling x4  
  43  3:28  Overlord  
  44  3:46  Overlord  
  44  3:47  Drone x2  
  47  3:48  Drone x2  
  47  3:50  Drone  
  47  3:53  Drone x2  
  51  3:57  Overlord  
  51  3:58  Drone  
  52  4:04  Queen  
  52  4:05  Drone  
  52  4:06  Lair  
  52  4:07  Drone x2  
  57  4:13  Drone  
  57  4:16  Extractor  
  57  4:17  Extractor, Drone, Roach Warren  
  56  4:18  Drone  
  56  4:22  Drone  
  58  4:31  Drone x2  
  60  4:38  Drone x2  
  62  4:42  Drone x2  
  62  4:43  Overlord  
  64  4:49  Drone x2  
  64  4:50  Evolution Chamber  
  64  4:51  Drone  
  66  4:53  Evolution Chamber  
  66  4:56  Overlord  
  65  5:01  Drone x4  
  65  5:05  Drone  
  65  5:06  Glial Reconstitution  
  70  5:07  Overseer  
  70  5:13  Roach  
  70  5:14  Roach x5  
  81  5:18  Zerg Missile Weapons Level 1  
  81  5:20  Drone x3  
  84  5:22  Extractor  
  84  5:23  Extractor  
  82  5:29  Overlord  
  82  5:32  Drone x2, Zerg Ground Armor Level 1  
  82  5:33  Drone x2, Overlord  
  86  5:40  Overlord  
  86  5:44  Drone x3  
  86  5:47  Overlord  
  89  5:51  Drone x2  
  89  5:53  Roach x5  
  97  6:11  Roach x5  
  106  6:18  Roach  
  106  6:19  Roach x5  
  106  6:25  Hatchery  
  117  6:26  Overlord x3  
  117  6:31  Roach  
  117  6:32  Roach  
  121  6:33  Overlord  
  121  6:36  Overlord  
  121  6:38  Ravager  
  122  6:40  Overlord  
  122  6:43  Overlord  
  122  6:47  Ravager x3  
  125  6:48  Roach x5  
  125  6:54  Roach x4  
  141  6:56  Overseer  
  141  7:00  Ravager  
  146  7:01  Roach x2  
  146  7:05  Drone x2  
  150  7:18  Roach  
  150  7:20  Roach x2  
  124  7:26  Roach x2  
  124  7:28  Roach x9  
  139  7:32  Roach  
  141  7:40  Roach  
  141  7:41  Roach  
  125  7:49  Roach x7  
  125  7:50  Roach  
  135  7:52  Queen, Roach x2  
  141  7:59  Ravager  
  141  8:00  Roach x2, Zergling x2  
  147  8:06  Roach x3  
  147  8:10  Roach  
  147  8:11  Overlord  
  155  8:15  Roach x4  
  163  8:22  Roach x2  
  150  8:28  Roach  
  150  8:31  Roach  
  118  8:34  Roach x6  
  118  8:39  Extractor, Roach  
  118  8:40  Roach x2  
  131  8:45  Ravager  
  131  8:46  Drone  
  131  8:47  Extractor  
  132  8:49  Roach x2  
  132  8:50  Zergling x2  
  132  8:51  Zergling x8  
  139  9:04  Ravager x2  
  139  9:08  Roach x2  
  139  9:09  Roach x2  
  149  9:19  Roach x7  
  161  9:29  Ravager  
  161  9:30  Roach x5  
  168  9:31  Drone x3  
  168  9:37  Roach  
  163  9:47  Zerg Ground Armor Level 2  
  163  9:51  Roach x3  
  162  9:53  Drone x3  
  162  9:57  Drone x2  
  166  10:13  Roach  
  150  10:14  Roach  
  150  10:15  Roach x5  
  150  10:17  Ravager x2  
  150  10:21  Overlord  
  164  10:23  Roach  
  164  10:28  Roach x2  
  166  10:30  Ravager x2  
  166  10:32  Roach x4  
  176  10:37  Overlord x3  
  176  10:41  Roach x3  
  182  10:52  Roach  
  182  10:55  Overlord  
  134  11:13  Roach x12  
  134  11:17  Ravager x3  
  161  11:20  Roach  
  161  11:21  Roach x3  
  169  11:27  Roach x4  
  173  11:32  Roach  
  173  11:33  Roach x2  
  173  11:38  Roach  
  173  11:39  Roach x2  
  179  11:47  Ravager x3  
Tags
 
Add a new tag
Caveats
  • Supply blocks, unpowered buildings, or Contaminate may cause inaccurate times.
  • Supply counts are checked every 10 seconds.